 Dungeon Crawl Stone Soup version 0.24-a0-416-g56ce5178b7 (webtiles) character file.

Game seed: 6047679546813540738

8960 Defined the Destroyer (level 11, -2/96 (97) HPs)
             Began as a Yellow Draconian Conjurer on June 9, 2019.
             Was an Elder of Sif Muna.
             Slain by a komodo dragon (12 damage)
             ... on level 1 of the Lair of Beasts.
             The game lasted 00:58:41 (15835 turns).

Defined the Destroyer (Yellow Draconian Conjurer)  Turns: 15835, Time: 00:58:42

HP:   -2/96 (97)    AC:  8    Str: 10    XL:     11   Next: 16%
MP:   0/23          EV: 10    Int: 18    God:    Sif Muna [****..]
Gold: 694           SH: 10    Dex: 13    Spells: 7/26 levels left

rFire    . . .     SeeInvis .   w - +4 short sword (venom)
rCold    . . .     Gourm    .   r - +1 shield {reflect}
rNeg     + . .     Faith    .   (armour unavailable)
rPois    .         Spirit   +   (helmet restricted)
rElec    .         Reflect  +   v - +0 cloak
rCorr    +         Harm     .   (no gloves)
MR       .....                  (no boots)
Stlth    ++........             e - amulet of guardian spirit
HPRegen  0.26/turn              p - ring of positive energy
MPRegen  0.18/turn              f - ring of wizardry

@: no casting
A: spit acid, unfitting armour, cold-blooded, acid resistance, AC +7
a: Breathe Acid, Stop Divine Energy, Channel Magic, Forget Spell, Renounce
Religion


You were on level 1 of the Lair of Beasts.
You worshipped Sif Muna.
Sif Muna was greatly pleased with you.
You were hungry.

You visited 2 branches of the dungeon, and saw 12 of its levels.

You collected 694 gold pieces.

Inventory:

Hand Weapons
 q - a +3 dagger of holy wrath
 w - a +4 short sword of venom (weapon)
Missiles
 y - 38 poisoned darts (quivered)
 z - 12 boomerangs
Armour
 r - a +1 shield of reflection (worn)
 v - a +0 cloak (worn)
Jewellery
 e - an amulet of guardian spirit (around neck)
 f - a ring of wizardry (right hand)
 h - a +2 ring of slaying
 j - the ring of the Quahog {rElec rCorr Dex+2}
   (You found it on level 6 of the Dungeon)

   [ring of resist corrosion]

   It affects your dexterity (+2).
   It insulates you from electricity.
   It provides partial protection from all sources of acid and corrosion.
 p - a ring of positive energy (left hand)
 t - a +2 ring of dexterity
Wands
 n - a wand of acid (5)
 E - a wand of disintegration (18)
Scrolls
 a - 5 scrolls of teleportation
 d - 4 scrolls of remove curse
 i - 2 scrolls of identify
 k - 3 scrolls of magic mapping
 o - a scroll of acquirement {unknown}
 u - a scroll of enchant armour {unknown}
 x - a scroll of holy word {unknown}
 B - 2 scrolls of immolation
 G - a scroll of torment
Potions
 c - 5 potions of lignification
 g - a potion of resistance
 l - a potion of might
 m - 2 potions of mutation
 s - a potion of magic
Comestibles
 b - 14 rations
 A - 6 chunks of flesh


   Skills:
 + Level 9.1 Fighting
 - Level 1.7 Dodging
 - Level 1.7 Stealth
 * Level 5.2 Shields
 - Level 8.0 Spellcasting
 + Level 9.3 Conjurations
 - Level 4.0 Hexes
 + Level 1.0 Summonings
 - Level 4.0 Translocations
 + Level 2.6 Air Magic
 - Level 4.1 Invocations


You had 7 spell levels left.
You knew the following spells:

 Your Spells              Type           Power        Failure   Level  Hunger
a - Shock                 Conj/Air       ####         1%          1    None
b - Iskenderun's Mystic   Conj           #####...     3%          4    ###....
c - Fulminant Prism       Conj/Hex       ####......   9%          4    ###....
d - Force Lance           Conj/Tloc      ####....     9%          4    ###....
e - Summon Butterflies    Summ           ##......     9%          1    None
f - Summon Mana Viper     Hex/Summ       ###.....     77%         5    #####..

Your spell library contained the following spells:

 Spells                   Type           Power        Failure   Level  Hunger
 Magic Dart               Conj           ####         1%          1    None
 Searing Ray              Conj           #####.       1%          2    None
 Dazzling Spray           Conj/Hex       ####..       2%          3    #......
 Static Discharge         Conj/Air       ####....     3%          3    #......
 Swiftness                Chrm/Air       ##......     12%         2    None
 Call Canine Familiar     Summ           ##......     26%         3    #......
 Lightning Bolt           Conj/Air       ####......   32%         5    #####..
 Airstrike                Air            ###.......   41%         4    ###....
 Summon Ice Beast         Ice/Summ       #.......     69%         4    ###....
 Summon Hydra             Summ           ##........   100%        7    #######


Dungeon Overview and Level Annotations

Branches:
Dungeon (11/15)            Temple (0/1) D:7            Lair (1/6) D:8
    Orc (0/2) D:9

Altars:
Elyvilon
Okawaru
Sif Muna

Shops:
D:8 *

Annotations:
D:3 exclusion: downstairs
D:9 2 runed translucent doors


Innate Abilities, Weirdness & Mutations

You can spit globs of acid.
Your golden yellow scales are hard. (AC +7)
You cannot fit into any form of body armour.
You are cold-blooded and may be slowed by cold attacks.
You are resistant to acid. (rCorr)


Message History

You regain access to your magic.
The komodo dragon closely misses you.
Okay, then.
Casting: Shock (safe; 1% risk of failure)
Confirm with . or Enter, or press ? or * to list all spells.
Aiming: Force Lance (safe; 9% risk of failure)
Press: ? - help, Shift-Dir - straight line, f/p - komodo dragon
Aim: a komodo dragon (severely wounded)
The lance of force misses the komodo dragon.
You block the komodo dragon's attack.
Casting: Force Lance (safe; 9% risk of failure)
Confirm with . or Enter, or press ? or * to list all spells.
Aiming: Force Lance (safe; 9% risk of failure)
Press: ? - help, Shift-Dir - straight line, f/p - komodo dragon
Aim: a komodo dragon (heavily wounded)
The lance of force hits the komodo dragon!
The komodo dragon is almost dead.
Sif Muna grants you divine energy.
You briefly lose access to your magic!
The komodo dragon bites you!
You die...

## ### # ####.# #P♣♣# .###
#.#..# ♣≈≈≈♣## ##.. ### ###.###
#♣♣≈PP≈≈# #P.# #.# #...#
##≈≈P≈≈≈P# ####.## #.. ##..#
###.♣....PP###.#...####.#
##.####.#........P##...#...#..#
##...............#..###.#....#
# #.......#...@l....## #..)##.#
# ##.#...####.......## ##..##.#
# #.....P# #.....##..#
##...#... # ##....(##
##..#####..##...#.#..
###......# #..# #......##..#
.........# #.### #.........##
.............. #...........
......####.... #..#.....###.
......# ... #.#...(..# #.


You could see a komodo dragon.

Vanquished Creatures
  Harold (D:8)
  A death knight (D:8)
  4 komodo dragons (Lair:1)
  Grinder (D:4)
  2 hippogriffs
  4 hogs (D:7)
  A human (D:7)
  Grum (D:10)
  6 wargs
  2 porcupines (Lair:1)
  An orc warrior (D:7)
  An ice beast (D:10)
  A phantom (D:4)
  3 sky beasts (D:5)
  2 necrophages (D:9)
  A hornet zombie (D:6)
  2 ogres
  2 wolves (D:10)
  3 crocodiles (Lair:1)
  A centaur (D:6)
  11 bullfrogs
  2 scorpions
  6 killer bees (D:8)
  4 wights (D:8)
  3 crimson imps
  3 bullfrog zombies
  A centaur zombie (D:9)
  5 hounds
  6 orc wizards
  A jelly (D:8)
  A bullfrog skeleton (D:9)
  6 orc priests
  4 iguanas
  12 worker ants
  A killer bee zombie (D:5)
  An ogre zombie (D:6)
  A hound skeleton (D:7)
  Robin (D:4)
  A howler monkey zombie (D:10)
  8 gnolls (D:4)
  8 adders
  A gnoll zombie (D:6)
  A shadow imp (D:7)
  An ooze (D:2)
  An adder zombie (D:5)
  2 adder skeletons (D:4)
  4 worms
  2 dart slugs
  7 leopard geckos
  18 orcs
  5 giant cockroaches
  17 goblins
  8 hobgoblins
  11 jackals
  8 kobolds
  12 quokkas
  2 ball pythons
  8 bats
  3 frilled lizards
  7 rats
  A bush (Lair:1)
245 creatures vanquished.

Vanquished Creatures (others)
  A centaur (D:10)
  40 fulminant prisms
  2 fungi (Lair:1)
43 creatures vanquished.

Grand Total: 288 creatures vanquished

Notes
Turn   | Place    | Note
-------+----------+-------------------------------------------
     0 | D:1      | Defined the Draconian Conjurer began the quest for the Orb.
     0 | D:1      | Reached XP level 1. HP: 14/14 MP: 3/3
   522 | D:1      | Reached skill level 1 in Fighting
   522 | D:1      | Reached XP level 2. HP: 23/23 MP: 0/5
   972 | D:1      | Reached XP level 3. HP: 28/28 MP: 4/6
  2029 | D:2      | Found an iron altar of Okawaru.
  2029 | D:2      | Found a deep blue altar of Sif Muna.
  2139 | D:2      | Became a worshipper of Sif Muna the Loreminder
  2478 | D:2      | Reached XP level 4. HP: 36/36 MP: 8/8
  3587 | D:4      | Noticed a phantom
  3640 | D:4      | Killed a phantom
  3640 | D:4      | Reached skill level 5 in Conjurations
  3640 | D:4      | Reached XP level 5. HP: 33/45 MP: 0/10
  3886 | D:4      | HP: 2/45 [poisoned by a worker ant]
  3894 | D:4      | HP: 1/45 [poisoned by a worker ant]
  4204 | D:4      | Learned a level 4 spell: Iskenderun's Mystic Blast
  4220 | D:4      | Learned a level 4 spell: Fulminant Prism
  4240 | D:4      | Reached XP level 6. HP: 49/51 MP: 7/11
  4330 | D:4      | Reached * piety under Sif Muna
  4330 | D:4      | Reached skill level 1 in Hexes
  4516 | D:4      | Noticed Grinder
  4534 | D:4      | Paralysed by Grinder for 5 turns
  4553 | D:4      | Paralysed by Grinder for 3 turns
  4556 | D:4      | HP: 2/51 [Grinder/nerve-wracking pain (5)]
  4557 | D:4      | Killed Grinder
  4557 | D:4      | Your scales start taking on a golden yellow colour.
  4557 | D:4      | Reached XP level 7. HP: 2/59 MP: 0/13
  4557 | D:4      | Gained mutation: You are resistant to acid. (rCorr) [Yellow
                  | Draconian growth]
  4893 | D:4      | Noticed Robin
  4907 | D:4      | Killed Robin
  5310 | D:4      | Found a white marble altar of Elyvilon.
  5952 | D:5      | Entered Level 5 of the Dungeon
  6452 | D:5      | Reached XP level 8. HP: 62/67 MP: 8/15
  6489 | D:5      | Reached ** piety under Sif Muna
  6489 | D:5      | Reached skill level 5 in Fighting
  6753 | D:5      | Reached skill level 5 in Spellcasting
  7209 | D:6      | Found a transporter.
  7322 | D:6      | Got an ancient steel ring
  7324 | D:6      | Identified the ring of the Quahog {rElec rCorr Dex+2} (You
                  | found it on level 6 of the Dungeon)
  7636 | D:6      | Learned a level 4 spell: Force Lance
  7912 | D:6      | Found a transporter.
  7940 | D:6      | Reached skill level 1 in Translocations
  9061 | D:7      | Found a staircase to the Ecumenical Temple.
  9165 | D:7      | Reached XP level 9. HP: 76/78 MP: 17/17
  9403 | D:7      | Reached *** piety under Sif Muna
  9415 | D:7      | HP: 2/117 [hog (5)]
 10436 | D:8      | Reached skill level 1 in Invocations
 10532 | D:8      | Noticed a death knight
 10582 | D:8      | Reached **** piety under Sif Muna
 10949 | D:8      | Killed a death knight
 10949 | D:8      | Reached XP level 10. HP: 10/88 MP: 1/20
 11386 | D:8      | Found a staircase to the Lair.
 11419 | D:8      | Reached skill level 1 in Shields
 11596 | D:8      | Noticed Harold
 12294 | D:8      | Killed Harold
 12655 | D:8      | Found Coffoh's General Store.
 12672 | D:8      | Learned a level 1 spell: Summon Butterflies
 12678 | D:8      | Learned a level 5 spell: Summon Mana Viper
 12808 | D:9      | Found a runed translucent door.
 12809 | D:9      | Noticed a fire dragon
 12815 | D:9      | Noticed an ice dragon
 12821 | D:9      | Noticed a fire dragon
 12822 | D:9      | Found the +2 shield of Resistance {rF+ rC+ MR+}
 12824 | D:9      | Noticed an ice dragon
 12826 | D:9      | Found a runed translucent door.
 13015 | D:9      | Learned a level 1 spell: Shock
 13199 | D:9      | Found a staircase to the Orcish Mines.
 13279 | D:9      | Reached skill level 1 in Air Magic
 13651 | D:10     | Entered Level 10 of the Dungeon
 13660 | D:10     | Noticed Grum
 13680 | D:10     | Killed Grum
 14628 | Lair:1   | Entered Level 1 of the Lair of Beasts
 14630 | Lair:1   | Noticed a four-headed hydra
 14656 | D:8      | HP: 4/89 [four-headed hydra (1)]
 15494 | Lair:1   | Reached XP level 11. HP: 66/96 MP: 13/22
 15702 | Lair:1   | Reached skill level 5 in Shields
 15787 | Lair:1   | Reached skill level 1 in Summonings
 15801 | Lair:1   | HP: 1/96 [komodo dragon (19)]
 15835 | Lair:1   | Slain by a komodo dragon

Levels and vault maps discovered:
D:1:      lightli_arrival_maybe_door_vault, layout_basic, serial_rivers,
          chequers_serial_rivers_large_a, chequers_serial_rivers_small_3,
          chequers_serial_rivers_micro_b, chequers_serial_rivers_micro_a,
          chequers_serial_rivers_micro_b
D:2:      layout_basic, gammafunk_temple_overflow_statue, minmay_pentomino_q4
D:3:      layout_basic, minmay_misc_feat_secret_circle, serial_bayou_lagoon_a,
          grunt_decor_cap, chequers_garden, nrook_campfire
D:4:      layout_loops_ring, first_ration, grunt_ministairs_4, elyvilon_altar_5,
          uniq_robin, uniq_grinder
D:5:      layout_rooms, st_stairs_10, kennysheep_minor_cross,
          lemuel_old_faithful
D:6:      gammafunk_cloud_chamber, layout_basic
D:7:      layout_gridville, minmay_temple_entry_sparse_star, grunt_livestock
D:8:      layout_loops_ring, erik_lair_orcish_takeover, serial_shops, shop,
          minmay_chambers_of_fives, uniq_harold
D:9:      layout_loops_cross, minmay_orc_entry_guard_dogs,
          minmay_guarded_unrand_resistance
D:10:     layout_long_grid, chequers_jeans, uniq_grum
D:11:     layout_basic, special_room [special_room_orc]
Lair:1:   layout_layer_cave, minmay_hedge_maze, beast_lair_carwin_5,
          serial_bayou_shore_b

Skill      XL: |  1  2  3  4  5  6  7  8  9 10 11 |
---------------+----------------------------------+-----
Fighting       | 1 2 3 4 6 8 9 |  9.1
Spellcasting   | 3 4 5 7 8 |  8.0
Conjurations   | 5 6 7 8 9 |  9.3
Hexes          | 2 3 4 |  4.0
Translocations | 1 4 |  4.0
Invocations    | 3 4 |  4.1
Shields        | 4 5 |  5.2
Air Magic      | 2 |  2.6
Summonings     | 1 |  1.0
Dodging        | |  1.7
Stealth        | |  1.7

Action                   |  1- 3 |  4- 6 |  7- 9 | 10-12 || total
-------------------------+-------+-------+-------+-------++-------
Melee: Dagger            |     7 |    53 |    34 |    41 ||   135
       Unarmed           |     3 |       |       |       ||     3
       Club              |     2 |       |       |       ||     2
       Spear             |    48 |       |       |       ||    48
       Tailslap          |     2 |    14 |    30 |    22 ||    68
       Short sword       |    11 |    64 |   232 |   160 ||   467
Throw: Dart              |     4 |     8 |       |       ||    12
 Cast: Magic Dart        |    65 |    41 |    64 |    16 ||   186
       Iskenderun's Myst |       |     1 |     6 |     2 ||     9
       Fulminant Prism   |       |       |    19 |    21 ||    40
       Force Lance       |       |       |     1 |     5 ||     6
       Shock             |       |       |       |    61 ||    61
       Summon Butterflie |       |       |       |     1 ||     1
Invok: Divine Energy     |       |     1 |       |       ||     1
 Abil: Breathe Acid      |       |       |     1 |     2 ||     3
Evoke: Wand              |       |       |     2 |       ||     2
  Use: Scroll            |     1 |       |    18 |     9 ||    28
       Potion            |       |       |    11 |       ||    11
 Stab: Sleeping          |       |       |     2 |       ||     2
       Distracted        |       |       |     1 |       ||     1
  Eat: Chunk             |     7 |     6 |    17 |     9 ||    39
       Ration            |       |       |     2 |     3 ||     5
Armor: Skin              |    29 |    39 |    95 |    56 ||   219
Dodge: Dodged            |    54 |    90 |   175 |    91 ||   410
Block: Shield            |       |       |       |    82 ||    82
       Reflection        |       |       |       |     4 ||     4

Table legend:
 A = Non-vault XP
 B = Vault XP
 C = Vault XP percentage of total XP
 D = Non-vault monster count
 E = Vault monster count
 F = Vault count percentage of total count
                 A         B        C        D         E       F
            +---------+---------+-------+---------+---------+-------
      Total |    7587 |    5214 |  40.7 |     195 |      50 |  20.4
            +---------+---------+-------+---------+---------+-------
        D:1 |      50 |       0 |   0.0 |      28 |       0 |   0.0
        D:2 |      49 |       3 |   5.8 |      22 |       3 |  12.0
        D:3 |      61 |       0 |   0.0 |      18 |       0 |   0.0
        D:4 |     537 |     362 |  40.3 |      22 |      12 |  35.3
        D:5 |     712 |       9 |   1.2 |      17 |       2 |  10.5
        D:6 |     818 |      37 |   4.3 |      22 |       2 |   8.3
        D:7 |     456 |     974 |  68.1 |      15 |       5 |  25.0
        D:8 |    2183 |    1885 |  46.3 |      22 |      15 |  40.5
        D:9 |     694 |     497 |  41.7 |      15 |       3 |  16.7
       D:10 |     399 |     418 |  51.2 |       5 |       3 |  37.5
       D:11 |     250 |       0 |   0.0 |       1 |       0 |   0.0
     Lair:1 |    1378 |    1029 |  42.8 |       8 |       5 |  38.5
            +---------+---------+-------+---------+---------+-------
